 Dungeon Crawl Stone Soup version 0.19.0-24-gb05acd6 (webtiles) character file.

11832 Gargo the Thaumaturge (level 11, -1/64 HPs)
             Began as a Gargoyle Earth Elementalist on Nov 22, 2016.
             Was a Priest of Vehumet.
             Killed from afar by Galewind's ghost (33 damage)
             ... with a lance of force
             ... on level 11 of the Dungeon.
             The game lasted 01:06:58 (11766 turns).

Gargo the Thaumaturge (GrEE)                       Turns: 11766, Time: 01:06:59

Health: -1/64      AC: 24    Str: 12    XL:     11   Next: 83%
Magic:  1/24       EV: 14    Int: 25    God:    Vehumet [***...]
Gold:   594        SH:  0    Dex: 16    Spells: 4 memorised, 16 levels left

rFire  . . .     SeeInvis +     a - staff of earth
rCold  . . .     Gourm    .     l - +4 leather armour "Azaus" {*Drain rElec Int+6 SInv}
rNeg   + . .     Faith    .     (no shield)
rPois  ∞         Spirit   .     M - +2 helmet {SInv}
rElec  +         Reflect  .     z - +0 cloak
rCorr  .         Harm     .     v - +1 pair of gloves
MR     .....                    m - +1 pair of boots "Ucast" {Dex+6 Stlth-}
Stlth  +.........               A - amulet of magic regeneration
                                (no ring)
                                (no ring)

@: very slightly contaminated
A: negative energy resistance 1, electricity resistance, unbreathing,
petrification resistance, rot immunity, AC +7
a: Renounce Religion


You were on level 11 of the Dungeon.
You worshipped Vehumet.
Vehumet was most pleased with you.
You were not hungry.

You visited 2 branches of the dungeon, and saw 12 of its levels.
You also visited: Sewer.

You collected 594 gold pieces.

Inventory:

Hand Weapons
 c - a +8 blowgun
 h - a +2 spear of distortion
 s - a +0 war axe of electrocution
 y - a +2 mace of protection
 G - a +1 whip of flaming
 H - a +1 flail of venom
 K - a +0 shortbow of flaming
Missiles
 b - 110 stones (quivered)
 o - 5 needles of confusion
 r - 4 needles of sleeping
 F - 49 poisoned needles
 T - 4 curare-tipped needles
Armour
 i - a +0 shield
 l - the +4 leather armour "Azaus" (worn) {*Drain rElec Int+6 SInv}
   (You found it on level 7 of the Dungeon)

   It affects your intelligence (+6).
   It insulates you from electricity.
   It lets you see invisible.
   It causes draining when unequipped.
 m - the +1 pair of boots "Ucast" (worn) {Dex+6 Stlth-}
   (You found it on level 7 of the Dungeon)

   It affects your dexterity (+6).
   It makes you less stealthy.
 n - a +0 helmet
 v - a +1 pair of gloves (worn)
 z - a +0 cloak (worn)
 I - a +2 robe of positive energy
 M - a +2 helmet of see invisible (worn)
 R - a +0 pair of gloves
Magical Staves
 a - an uncursed staff of earth (weapon)
 P - an uncursed staff of wizardry
Jewellery
 A - an amulet of magic regeneration (around neck)
Wands
 e - a wand of paralysis (7/24)
 j - a wand of random effects (9/48)
 k - a wand of flame (48/48)
 q - a wand of random effects (21/48)
 B - a wand of confusion (30/48)
 J - a wand of lightning (4/15)
 N - a wand of flame (15/48)
Scrolls
 f - a scroll of blinking
 p - a scroll of remove curse
 D - 3 scrolls of identify
 L - 2 scrolls of teleportation
 S - a scroll of magic mapping
 Y - 3 scrolls of amnesia
 Z - a scroll of enchant armour
Potions
 d - a potion of brilliance
 g - 3 potions of curing
 t - 2 potions of mutation {unknown}
 w - a potion of invisibility
 x - a potion of heal wounds
 E - a potion of haste {unknown}
Books
 O - a book of Debilitation

   Spells                             Type                      Level
   a - Corona                         Hexes                        1
   b - Slow                           Hexes                        2
   c - Gell's Gravitas                Hexes/Translocation          3
   d - Inner Flame                    Hexes/Fire                   3
   e - Cause Fear                     Hexes                        4
   f - Leda's Liquefaction            Hexes/Earth                  4
Comestibles
 u - 2 meat rations
 C - 7 beef jerkies
 Q - a slice of pizza
 U - 6 bread rations
 W - 7 chunks of flesh
 X - 2 fruits


   Skills:
 + Level 5.9 Fighting
 - Level 1.2(3.2) Maces & Flails
 + Level 4.8(4.9) Staves
 + Level 5.6 Armour
 + Level 4.6 Dodging
 - Level 2.1 Stealth
 * Level 9.6 Spellcasting
 + Level 7.2 Conjurations
   Level 0.7 Transmutations
 + Level 0.0 Fire Magic
 + Level 9.5 Earth Magic
 + Level 4.7 Evocations


You had 16 spell levels left.
You knew the following spells:

 Your Spells              Type           Power        Failure   Level  Hunger
a - Sandblast             Erth           ######       1%          1    None
b - Lee's Rapid Deconstr  Erth           ######....   1%          5    ####...
c - Sticky Flame          Conj/Fire      ####....     4%          4    #......
A - Stone Arrow           Conj/Erth      ######       1%          3    None


Dungeon Overview and Level Annotations

Branches:
Dungeon (11/15)            Temple (1/1) D:7            Lair (0/6) D:11
    Orc (0/2) D:10

Altars:
Ashenzari
Cheibriados
Dithmenos
Elyvilon
Gozag
Kikubaaqudgha
Okawaru
Qazlal
Ru
Sif Muna
Trog
Uskayaw
Vehumet
Xom
Yredelemnul
Zin
The Shining One

Shops:
D:4 (

Annotations:
D:1 need LRD
D:11 Galewind's ghost, journeyman DECj; hadoken's ghost, novice HOCj


Innate Abilities, Weirdness & Mutations

You are resistant to torment.
Your stone body is resilient. (AC +7)
You are immune to poison.
You resist negative energy. (rN+)
You are resistant to electric shocks. (rElec)
You can survive without breathing.
You are immune to petrification.
You are immune to rotting.


Message History

Aiming: Stone Arrow
Press: ? - help, Shift-Dir - straight line, f/p - hadoken's ghost
Aim: hadoken's ghost, wielding a weapon of flaming (water, severely damaged)
You feel a surge of power!
The stone arrow hits hadoken's ghost.
Hadoken's ghost is almost destroyed.
Hadoken's ghost hits you! Hadoken's ghost burns you.
Blink to where?
Press: ? - help, Dir - move target cursor, p - hadoken's ghost You are very lightly contaminated with residual magic.
As you read the scroll of blinking, it crumbles to dust.
Evoke which item? (* to show all) (? for menu, Esc to quit)
Zapping:
j - a wand of random effects {zapped: 6} (will waste charges)
Press: ? - help, Shift-Dir - straight line, f - hadoken's ghost
Aim: hadoken's ghost, wielding a weapon of flaming (almost destroyed)
The bolt of fire misses hadoken's ghost.
Evoking this partially-identified wand wasted a few charges.
Galewind's ghost gestures at you while chanting.
The lance of force hits you!
Ouch! That really hurt!
You die...

####....≈.≈≈≈.≈.≈≈.≈.#
#.....≈≈≈≈.≈≈≈≈≈..#
##......≈≈≈.≈≈≈≈≈..#
#......≈§.≈≈.≈≈≈≈...#
#.##...≈≈W...≈≈≈≈...#
#. #..≈≈≈W.....≈≈≈...
# #.≈≈≈≈≈≈..≈.≈≈≈..#
##≈≈≈≈≈≈....≈≈≈≈≈
#≈≈≈≈≈≈.@.≈.≈≈≈.
#≈≈≈≈≈≈....≈≈≈..
.≈≈≈≈≈.≈.≈.≈≈≈≈.
≈≈≈.≈≈≈≈≈≈≈≈...
≈.≈≈≈≈≈≈≈≈≈≈...
...≈≈≈≈≈.≈.≈≈≈.
...≈≈≈≈≈≈....≈.
..≈...≈.≈.≈.... ...
###


You could see Galewind's ghost and hadoken's ghost.

Vanquished Creatures
  Sonja (D:10)
  An unseen horror (D:10)
  3 hill giants
  Pikel (D:8)
  Joseph (D:7)
  The ghost of Gargo the Digger, a novice GrEE of Vehumet (D:6)
  A centaur skeleton (D:11)
  A queen bee (D:9)
  3 trolls
  2 two-headed ogres
  The ghost of dscm the Covert, an amateur OpAs of Dithmenos (D:4)
  A wyvern (D:9)
  8 yaks
  A human (D:6)
  Menkaure (D:6)
  Duvessa (D:5)
  An ice beast (D:10)
  2 black bears
  3 orc warriors
  3 sky beasts
  8 ogres
  2 wolves (D:10)
  4 centaurs
  3 big kobolds
  4 bullfrogs
  A wyvern zombie (D:11)
  A scorpion (D:7)
  Dowan (D:5)
  9 killer bees (D:9)
  5 wights
  3 electric eels
  2 bullfrog zombies
  2 crimson imps
  A quasit (D:8)
  2 jellies
  2 orc priests
  8 hounds
  8 orc wizards
  A bullfrog skeleton (D:9)
  An iguana (D:3)
  Natasha (thrice) (D:1)
  10 worker ants
  2 hell rats (D:6)
  A hound zombie (D:5)
  A hound skeleton (D:5)
  A worker ant zombie (D:8)
  9 adders
  7 gnolls
  6 river rats
  A shadow imp (D:10)
  A white imp (D:8)
  An ooze (D:7)
  6 worms
  4 dart slugs
  7 leopard geckos
  28 orcs
  6 ball pythons
  4 bats
  12 giant cockroaches
  12 goblins
  12 hobgoblins
  7 jackals
  29 kobolds
  2 quokkas
  7 frilled lizards
  3 goblin skeletons (D:8)
  2 hobgoblin zombies (D:8)
  2 kobold skeletons (D:8)
  2 kobold zombies (D:8)
  A leopard gecko zombie (D:5)
  An orc skeleton (D:8)
  2 orc zombies (D:8)
  A quokka skeleton (D:6)
  59 rats
357 creatures vanquished.

Vanquished Creatures (others)
  A hound (D:11)
  An orc (D:11)
  A quokka (D:6)
3 creatures vanquished.

Grand Total: 360 creatures vanquished

Notes
Turn   | Place    | Note
-------+----------+-------------------------------------------
     0 | D:1      | Gargo the Gargoyle Earth Elementalist began the quest for the Orb.
     0 | D:1      | Reached XP level 1. HP: 10/10 MP: 3/3
   153 | D:1      | Reached XP level 2. HP: 15/15 MP: 0/5
   213 | D:2      | Noticed Natasha
   222 | D:1      | Killed Natasha
   222 | D:1      | Reached XP level 3. HP: 7/19 MP: 2/7
   227 | D:1      | Learned a level 3 spell: Stone Arrow
   471 | D:1      | Noticed Natasha
   475 | D:1      | Killed Natasha
   475 | D:1      | Reached XP level 4. HP: 13/24 MP: 1/9
   500 | D:1      | Noticed Natasha
   575 | D:1      | Killed Natasha
   575 | D:1      | Reached skill level 1 in Conjurations
   818 | D:2      | Reached XP level 5. HP: 26/28 MP: 4/10
   839 | D:1      | Learned a level 5 spell: Lee's Rapid Deconstruction
  2378 | D:2      | Reached skill level 5 in Earth Magic
  2500 | D:3      | Reached XP level 6. HP: 19/32 MP: 2/12
  2703 | D:3      | Found a glowing silver altar of Zin.
  3072 | D:5      | Entered Level 5 of the Dungeon
  3198 | D:4      | Noticed dscm's ghost (amateur OpAs)
  3431 | D:4      | Killed dscm's ghost
  3431 | D:4      | Reached skill level 5 in Spellcasting
  3431 | D:4      | Reached XP level 7. HP: 23/36 MP: 0/15
  3645 | D:4      | Found Biwug's Weapon Emporium.
  4363 | D:5      | Found a hide-covered altar of Uskayaw.
  4363 | D:5      | Found a bloodstained altar of Trog.
  4364 | D:5      | Noticed Dowan
  4368 | D:5      | Noticed Duvessa
  4432 | D:5      | Killed Dowan
  4432 | D:5      | Reached XP level 8. HP: 40/41 MP: 7/17
  4546 | D:5      | Killed Duvessa
  4787 | D:6      | Found a shimmering altar of Xom.
  4810 | D:6      | Found a white marble altar of Elyvilon.
  4818 | D:6      | Noticed Gargo's ghost (novice GrEE)
  4836 | D:6      | Killed Gargo's ghost
  4836 | D:6      | Reached skill level 1 in Fighting
  4836 | D:6      | Reached skill level 1 in Maces & Flails
  4836 | D:6      | Reached skill level 1 in Armour
  4894 | D:6      | Identified a scroll of acquirement
  4968 | D:6      | Found an opulent altar of Gozag.
  5048 | D:6      | Reached skill level 1 in Evocations
  5057 | D:6      | Noticed Menkaure
  5066 | D:6      | Killed Menkaure
  5097 | D:6      | Found a glowing drain.
  5119 | Sewer    | Entered a sewer
  5369 | Sewer    | Reached XP level 9. HP: 47/47 MP: 16/19
  5748 | Sewer    | Reached skill level 1 in Staves
  5748 | Sewer    | Reached skill level 5 in Conjurations
  7137 | D:7      | Found a staircase to the Ecumenical Temple.
  7147 | Temple   | Entered the Ecumenical Temple
  7216 | Temple   | Became a worshipper of Vehumet
  7419 | D:7      | Got a faintly glowing leather armour
  7422 | D:7      | Got a pair of dazzling boots
  7447 | D:7      | Identified the +1 pair of boots "Ucast" {Dex+6 Stlth-} (You found it on level 7 of the Dungeon)
  7582 | D:8      | Noticed a two-headed ogre
  7587 | D:7      | Killed a two-headed ogre
  7734 | D:7      | Noticed Joseph
  7741 | D:7      | Killed Joseph
  7741 | D:7      | Reached XP level 10. HP: 48/56 MP: 10/22
  7882 | D:7      | Reached * piety under Vehumet
  7882 | D:7      | Offered knowledge of Magic Dart by Vehumet.
  8066 | Temple   | Identified the +4 leather armour "Azaus" {*Drain rElec Int+6 SInv} (You found it on level 7 of the Dungeon)
  8571 | D:8      | Found an iron altar of Okawaru.
  8614 | D:8      | Found a glowing golden altar of the Shining One.
  8687 | D:8      | Noticed Pikel
  8693 | D:8      | Killed Pikel
  8839 | D:10     | Entered Level 10 of the Dungeon
  8844 | D:10     | Noticed an unseen horror
  8881 | D:10     | Killed an unseen horror
  8957 | D:10     | Found a staircase to the Orcish Mines.
  9080 | D:9      | Reached ** piety under Vehumet
  9081 | D:9      | Offered knowledge of Sting by Vehumet.
  9227 | D:9      | Noticed a hill giant
  9233 | D:9      | Killed a hill giant
  9233 | D:9      | Reached skill level 5 in Fighting
  9233 | D:9      | Reached XP level 11. HP: 37/63 MP: 11/24
 10017 | D:9      | Offered knowledge of Mephitic Cloud by Vehumet.
 10172 | D:10     | Noticed Sonja
 10184 | D:10     | Killed Sonja
 10184 | D:10     | Reached skill level 5 in Armour
 10477 | D:10     | Noticed a hill giant
 10483 | D:10     | Killed a hill giant
 10956 | D:11     | Reached *** piety under Vehumet
 10990 | D:11     | Noticed a hill giant
 11246 | D:10     | Killed a hill giant
 11440 | D:11     | Offered knowledge of Sticky Flame by Vehumet.
 11463 | D:10     | Learned a level 4 spell: Sticky Flame
 11748 | D:11     | Found a staircase to the Lair.
 11753 | D:11     | Noticed hadoken's ghost (novice HOCj)
 11757 | D:11     | Noticed Galewind's ghost (journeyman DECj)
 11766 | D:11     | Killed from afar by Galewind's ghost

Skill      XL: |  1  2  3  4  5  6  7  8  9 10 11 |
---------------+----------------------------------+-----
Spellcasting   | 3 4 5 6 7 8 9 |  9.6
Earth Magic    | 4 5 6 7 8 9 |  9.5
Conjurations   | 1 2 3 4 5 6 7 |  7.2
Fighting       | 1 3 5 |  5.9
Maces & Flails | 1 |  1.2
Armour         | 1 3 4 5 |  5.6
Dodging        | 2 3 4 |  4.6
Evocations     | 1 2 3 4 |  4.7
Staves         | 2 4 |  4.8
Stealth        | |  2.1
Transmutations | |  0.7

Action                   |  1- 3 |  4- 6 |  7- 9 | 10-12 || total
-------------------------+-------+-------+-------+-------++-------
Melee: Dagger            |     1 |    10 |       |       ||    11
       Mace              |       |    19 |    32 |       ||    51
       Staff             |       |       |    18 |    17 ||    35
 Fire: Blowgun           |       |       |       |     7 ||     7
 Cast: Sandblast         |    21 |   177 |   239 |   173 ||   610
       Stone Arrow       |       |     6 |    62 |   114 ||   182
       Lee's Rapid Decon |       |     2 |     2 |     9 ||    13
Evoke: Wand              |       |       |     4 |     4 ||     8
  Use: Scroll            |       |       |    19 |     5 ||    24
       Potion            |       |       |       |     1 ||     1
 Stab: Sleeping          |       |     4 |     3 |     1 ||     8
       Paralysed         |       |       |     5 |       ||     5
  Eat: Chunk             |       |    10 |    13 |    15 ||    38
       Pizza             |       |       |     1 |       ||     1
Armor: Robe              |     2 |    44 |    88 |     2 ||   136
       Leather armour    |       |       |       |   153 ||   153
Dodge: Dodged            |     7 |   104 |   114 |   224 ||   449
